 Dungeon Crawl Stone Soup version 0.31-a0-174-g85c54bcb58 (webtiles) character file.

Game seed: 15152076672169403072

10014 qw the Cleaver (level 11, -1/71 HPs)
             Began as a Gargoyle Fighter on June 15, 2023.
             Was an Elder of Okawaru.
             Slain by a death knight
             ... wielding a +0 battleaxe
              (11 damage)
             ... on level 11 of the Dungeon.
             The game lasted 00:06:42 (10470 turns).

qw the Cleaver (Gargoyle Fighter)                  Turns: 10470, Time: 00:06:42

Health: -1/71      AC: 24    Str: 23    XL:     11   Next: 55%
Magic:  14/16      EV: 13    Int: 10    God:    Okawaru [****..]
Gold:   591        SH:  6    Dex:  9    Spells: 10/10 levels left

rFire   . . .        q - +5 war axe
rCold   . . .        c - +0 buckler
rNeg    + . .        l - +1 plate armour
rPois   inf          (no helmet)
rElec   +            (no cloak)
rCorr   .            (no gloves)
SInv    .            (no boots)
Will    +....        (no amulet) Stlth
                     o - +5 ring of evasion
HPRegen 0.31/turn    b - ring of willpower
MPRegen 0.15/turn

%: no passive effects
@: about to teleport, heroic
A: sickness immunity, AC +8, negative energy resistance 1, electricity
resistance, torment resistance 1, petrification resistance
a: Renounce Religion, Heroism, Finesse


You were on level 11 of the Dungeon.
You worshipped Okawaru.
Okawaru was greatly pleased with you.
You visited 2 branches of the dungeon, and saw 12 of its levels.
You also visited: Ossuary.

You collected 591 gold pieces.


Innate Abilities, Weirdness & Mutations

You are immune to sickness and miasma.
Your stone body is resilient. (AC +8)
You are immune to poison.
You resist negative energy. (rN+)
You are resistant to electric shocks. (rElec)
You are resistant to unholy torment.
You are immune to petrification.


   Skills:
 - Level 9.0(14.0) Fighting
 - Level 12.0(17.0) Axes
 - Level 1.3(6.3) Throwing
 - Level 7.0(12.0) Armour
 - Level 1.1(6.1) Dodging
 + Level 5.0(10.0) Shields
 + Level 7.3 Invocations


You had 10 spell levels left.
You didn't know any spells.
Your spell library was empty.

Inventory:

Hand Weapons
 m - a +3 morningstar
 q - a +5 war axe (weapon)
Armour
 c - a +0 buckler (worn)
 l - a +1 plate armour (worn)
 p - +0 acid dragon scales
Jewellery
 b - a ring of willpower (right hand)
 h - a ring of ice
 n - a +6 ring of dexterity
 o - a +5 ring of evasion (left hand)
Wands
 k - a wand of digging (18)
Scrolls
 a - 2 scrolls of identify
 e - 2 scrolls of teleportation
Potions
 d - 2 potions of might
 f - 2 potions of resistance
 g - 6 potions of curing
 i - 2 potions of lignification
 j - a potion of heal wounds
 s - a potion of magic

Dungeon Overview and Level Annotations

Branches:
Dungeon (11/15)            Temple (1/1) D:4         Ossuary (visited)
   Lair: D:8-11         Orc: D:9-12

Altars:
Ashenzari
Cheibriados
Dithmenos
Elyvilon
Fedhas
Gozag
Hepliaklqana
Kikubaaqudgha
Makhleb
Nemelex Xobeh
Okawaru
Qazlal
Ru
Sif Muna
Trog
Uskayaw
Vehumet
Wu Jian
Xom
Yredelemnul
Zin
The Shining One

Shops:
D:8 (

Portals:
Abyss: D:10

Annotations:
D:3 1 runed translucent door, Crazy Yiuf
D:8 3 runed translucent doors
D:9 1 runed translucent door
D:10 2 transporters, qw's ghost, novice GrFi


Message History

The centaur warrior completely misses you.
The centaur warrior kicks you but does no damage.
A komodo dragon comes into view.
The komodo dragon hisses angrily.
You completely miss the centaur warrior.
The centaur warrior is heavily wounded.
You barely miss the death knight. The centaur warrior hits you!
The centaur warrior kicks you but does no damage.
The death knight hits you with a +0 battleaxe.
You barely miss the centaur warrior.
The centaur warrior is heavily wounded.
You hit the death knight but do no damage.
You slash the tengu warrior!
You feel like a meek peon again. The centaur warrior hits you.
The centaur warrior closely misses you.
The tengu warrior hits you with a +0 great mace.
The tengu warrior pecks you but does no damage.
The tengu warrior claws you but does no damage.
You block the death knight's attack.
10469 ||| INVOKING Heroism.
You gain the combat prowess of a mighty hero.
The centaur warrior hits you.
The centaur warrior kicks you but does no damage.
The tengu warrior closely misses you.
The tengu warrior pecks you but does no damage.
The tengu warrior misses you. You block the centaur warrior's attack.
The centaur warrior closely misses you.
The death knight hits you with a +0 battleaxe!!
A troll comes into view.
10470 ||| READING 3 scrolls of teleportation.
As you read the scroll of teleportation, it crumbles to dust.
You feel strangely unstable.
The centaur warrior hits you but does no damage.
The centaur warrior kicks you but does no damage.
The tengu warrior hits you with a +0 great mace.
The tengu warrior barely misses you.
The tengu warrior claws you but does no damage.
The death knight hits you with a +0 battleaxe!
You die...

.. .. ..=0 #. .
..0# ##.^
.##l#T .....
...{O
.....##e..
.......Cy#
......cpQ#
.###@.# ##
#.#$..# #..
#.#!#.# #...
#.#.#.#
#...###.##.# #
#..........#.#
#......)....#
#.##........###
#....##.#......


You could see a death knight (reflects damage), a tengu warrior, a centaur
warrior, a two-headed ogre, a cyclops, a komodo dragon, a deep elf pyromancer, a
troll and a hornet.

Vanquished Creatures
  Pikel (D:9)
  2 manticores (D:11)
  A kobold demonologist (D:10)
  Psyche (D:8)
  3 trolls
  Sigmund (D:3)
  A shadow (D:10)
  17 yaks
  2 steam dragons (D:9)
  An acid dragon (D:10)
  2 water moccasins
  A black bear (D:6)
  3 sky beasts
  2 orc warriors (D:8)
  An ogre (D:5)
  5 centaurs
  3 phantoms (D:4)
  A lemure (D:9)
  5 kobold brigands
  4 elf zombies (Ossuary)
  A gnoll sergeant (D:10)
  4 scorpions
  3 bullfrogs
  7 wights
  12 killer bees
  2 howler monkeys (D:9)
  A human zombie (Ossuary)
  4 jellies
  2 centaur zombies (Ossuary)
  A hound (D:4)
  An orc priest (D:8)
  A sleepcap (D:5)
  Ijyb (D:3)
  Terence (D:2)
  2 iguanas (D:6)
  3 orc wizards
  A scorpion zombie (D:4)
  2 hound zombies
  3 mummies (Ossuary)
  18 gnolls
  10 adders
  2 shadow imps (D:6)
  3 white imps
  4 adder zombies
  A worm (D:3)
  3 dart slugs
  7 orcs
  3 bats
  10 endoplasms
  6 giant cockroaches
  9 goblins
  11 hobgoblins
  A jackal (D:3)
  6 quokkas
  10 ball pythons
  5 frilled lizards
  A gnoll zombie (Ossuary)
  4 goblin zombies (Ossuary)
  9 hobgoblin zombies (Ossuary)
  2 jackal zombies (Ossuary)
  30 kobolds
  7 kobold zombies (Ossuary)
  2 quokka zombies (Ossuary)
  4 rats
  2 rat zombies (Ossuary)
279 creatures vanquished.

Notes
Turn   | Place    | Note
-------+----------+-------------------------------------------
     0 | D:1      | qw the Gargoyle Fighter began the quest for the Orb.
     0 | D:1      | Reached XP level 1. HP: 14/14 MP: 1/1
     0 | D:1      | 0 ||| qw: Version: 0.2-a-29-g511e9b1
     0 | D:1      | 0 ||| qw: Game counter: 5575
     0 | D:1      | 0 ||| qw: Always use a shield: true
     0 | D:1      | 0 ||| qw: God list: Okawaru
     0 | D:1      | 0 ||| qw: Allow faded altars: false
     0 | D:1      | 0 ||| qw: Do Orc after D:15 true
     0 | D:1      | 0 ||| qw: Do second Lair branch before Depths: true
     0 | D:1      | 0 ||| qw: Lair rune preference: random
     0 | D:1      | 0 ||| qw: Plans: Normal, Zot:1-4, Slime:5, God:TSO, Crypt,
                  | Tomb, Abyss, Pan, Hells, Win
     0 | D:1      | 0 ||| PLANNING D:1-11
    42 | D:1      | Reached skill level 2 in Axes
    86 | D:1      | Reached XP level 2. HP: 19/19 MP: 2/2
   109 | D:1      | 109 ||| Stepping ~*~*~tactically~*~*~ (hiding).
   112 | D:1      | 112 ||| Stepping ~*~*~tactically~*~*~ (hiding).
   176 | D:1      | Reached skill level 3 in Axes
   180 | D:1      | Reached XP level 3. HP: 19/23 MP: 3/3
   446 | D:1      | 446 ||| UPGRADING to +0 chain mail.
   456 | D:1      | 456 ||| DROPPING +0 scale mail.
   457 | D:1      | 457 ||| READING scroll labelled TEDDOY PAUWIZ.
   458 | D:1      | 458 ||| READING 2 scrolls labelled ZIDALYSHR SEZE.
   459 | D:1      | 459 ||| READING scroll of enchant weapon.
   459 | D:1      | 459 ||| ENCHANTING +1 war axe.
   460 | D:1      | 460 ||| READING scroll labelled TEANIN KIKHAT.
   465 | D:1      | 465 ||| READING scroll labelled ZYIKHL ORHUQ.
   466 | D:1      | 466 ||| READING scroll labelled RIAM TOTEP.
   494 | D:2      | 494 ||| STAIRDANCE
   549 | D:2      | 549 ||| DROPPING +0 club.
   637 | D:2      | Noticed Terence
   647 | D:2      | Killed Terence
   648 | D:2      | Reached skill level 4 in Axes
   648 | D:2      | Reached XP level 4. HP: 23/28 MP: 4/4
   671 | D:2      | 671 ||| DROPPING +0 whip.
   676 | D:2      | 676 ||| Stepping ~*~*~tactically~*~*~ (stealth).
   679 | D:2      | 679 ||| Stepping ~*~*~tactically~*~*~ (stealth).
   680 | D:2      | 680 ||| Stepping ~*~*~tactically~*~*~ (stealth).
   681 | D:2      | 681 ||| Stepping ~*~*~tactically~*~*~ (stealth).
   702 | D:2      | 702 ||| Stepping ~*~*~tactically~*~*~ (hiding).
   721 | D:2      | 721 ||| Stepping ~*~*~tactically~*~*~ (stealth).
   723 | D:2      | 723 ||| Stepping ~*~*~tactically~*~*~ (stealth).
   907 | D:2      | 907 ||| Stepping ~*~*~tactically~*~*~ (hiding).
  1096 | D:2      | 1096 ||| READING scroll labelled ROK ATEANWU.
  1097 | D:2      | 1097 ||| READING scroll labelled PIUSHA HOUBI.
  1101 | D:3      | Noticed Sigmund
  1139 | D:3      | Killed Sigmund
  1140 | D:3      | Reached skill level 5 in Axes
  1140 | D:3      | Reached XP level 5. HP: 14/32 MP: 5/5
  1140 | D:3      | Reached XP level 6. HP: 16/37 MP: 6/6
  1388 | D:3      | Noticed Ijyb
  1389 | D:3      | 1389 ||| Stepping ~*~*~tactically~*~*~ (stealth).
  1404 | D:3      | 1404 ||| Stepping ~*~*~tactically~*~*~ (hiding).
  1424 | D:3      | Killed Ijyb
  1683 | D:3      | Found a shimmering altar of Xom.
  1693 | D:3      | Reached skill level 6 in Axes
  1696 | D:3      | HP: 3/38 [gnoll/+0 halberd (13)]
  1905 | D:3      | Found a runed translucent door.
  1906 | D:3      | Noticed Crazy Yiuf
  2288 | D:3      | 2288 ||| UPGRADING to ring of willpower.
  2289 | D:3      | 2289 ||| READING 3 scrolls labelled JILUOTOILI.
  2290 | D:3      | 2290 ||| READING scroll labelled FARODA HEKEUPA.
  2291 | D:3      | 2291 ||| READING 2 scrolls of identify.
  2291 | D:3      | 2291 ||| IDENTIFYING murky orange potion
  2292 | D:3      | 2292 ||| DROPPING potion of ambrosia.
  2356 | D:4      | Reached skill level 1 in Dodging
  2383 | D:4      | Found a staircase to the Ecumenical Temple.
  2384 | D:4      | 2384 ||| PLANNING TEMPLE
  2394 | D:4      | Reached XP level 7. HP: 42/43 MP: 7/7
  2494 | D:4      | 2494 ||| READING scroll of enchant weapon.
  2494 | D:4      | 2494 ||| ENCHANTING +2 war axe.
  2595 | D:4      | Reached skill level 7 in Axes
  2784 | D:4      | 2784 ||| FLEEEEING.
  2785 | D:4      | 2785 ||| FLEEEEING.
  2786 | D:4      | 2786 ||| FLEEEEING.
  2787 | D:4      | 2787 ||| FLEEEEING.
  2788 | D:4      | 2788 ||| FLEEEEING.
  2789 | D:4      | 2789 ||| FLEEEEING.
  2790 | D:4      | 2790 ||| FLEEEEING.
  2791 | D:4      | 2791 ||| FLEEEEING.
  2792 | D:4      | 2792 ||| FLEEEEING.
  2793 | D:4      | 2793 ||| FLEEEEING.
  2794 | D:4      | 2794 ||| FLEEEEING.
  2818 | D:4      | 2818 ||| UPGRADING to +0 plate armour.
  2828 | D:4      | 2828 ||| DROPPING +0 chain mail.
  2829 | D:4      | 2829 ||| READING scroll labelled TYIRHOUNT.
  2830 | D:4      | 2830 ||| READING 3 scrolls of identify.
  2830 | D:4      | 2830 ||| IDENTIFYING sedimented yellow potion
  2831 | D:4      | 2831 ||| READING 2 scrolls of identify.
  2831 | D:4      | 2831 ||| IDENTIFYING fuming dark potion
  2865 | Temple   | Entered the Ecumenical Temple
  2872 | Temple   | 2872 ||| PLANNING OKAWARU WORSHIP
  2901 | Temple   | Became a worshipper of Warmaster Okawaru
  2902 | Temple   | 2902 ||| PLANNING D:1-11
  2949 | D:4      | 2949 ||| Stepping ~*~*~tactically~*~*~ (stealth).
  2956 | D:4      | Reached XP level 8. HP: 49/49 MP: 8/8
  3180 | D:4      | 3180 ||| DROPPING orb of mayhem.
  3192 | D:5      | Entered Level 5 of the Dungeon
  3330 | D:5      | Found a stormy altar of Qazlal.
  3393 | D:5      | 3393 ||| Stepping ~*~*~tactically~*~*~ (hiding).
  3635 | D:5      | Found a shimmering blue altar of Sif Muna.
  3669 | D:5      | Reached skill level 8 in Axes
  3686 | D:5      | 3686 ||| FLEEEEING.
  3687 | D:5      | 3687 ||| FLEEEEING.
  3688 | D:5      | 3688 ||| FLEEEEING.
  4499 | D:5      | 4499 ||| UPGRADING to +6 ring of dexterity.
  4500 | D:5      | 4500 ||| READING scroll labelled TUFAMO TA JEM.
  4501 | D:5      | 4501 ||| READING 2 scrolls of identify.
  4501 | D:5      | 4501 ||| IDENTIFYING metallic amethyst potion
  4671 | D:6      | Reached skill level 6 in Fighting
  4850 | D:6      | 4850 ||| Stepping ~*~*~tactically~*~*~ (hiding).
  4852 | D:6      | 4852 ||| Stepping ~*~*~tactically~*~*~ (hiding).
  4860 | D:6      | 4860 ||| FLEEEEING.
  4861 | D:6      | 4861 ||| FLEEEEING.
  4862 | D:6      | 4862 ||| FLEEEEING.
  4863 | D:6      | 4863 ||| Stepping ~*~*~tactically~*~*~ (stealth).
  4877 | D:6      | 4877 ||| Stepping ~*~*~tactically~*~*~ (stealth).
  4901 | D:6      | Reached * piety under Okawaru
  5014 | D:6      | 5014 ||| Stepping ~*~*~tactically~*~*~ (stealth).
  5030 | D:6      | Reached skill level 1 in Invocations
  5071 | D:6      | Reached XP level 9. HP: 51/55 MP: 8/10
  5080 | D:6      | Reached skill level 9 in Axes
  5172 | D:6      | 5172 ||| INVOKING Heroism.
  5176 | D:6      | 5176 ||| Stepping ~*~*~tactically~*~*~ (stealth).
  5181 | D:6      | Reached skill level 3 in Invocations
  5181 | D:6      | 5181 ||| Stepping ~*~*~tactically~*~*~ (hiding).
  5182 | D:6      | 5182 ||| Stepping ~*~*~tactically~*~*~ (hiding).
  5361 | D:6      | 5361 ||| UPGRADING to +5 ring of evasion.
  5363 | D:6      | 5363 ||| UPGRADING to ring of willpower.
  5365 | D:6      | 5365 ||| READING scroll labelled PUKUUNKEM ZETILIE.
  5366 | D:6      | 5366 ||| READING 2 scrolls of identify.
  5366 | D:6      | 5366 ||| IDENTIFYING purple potion
  5434 | D:7      | Found a sparkling altar of Nemelex Xobeh.
  5586 | D:7      | 5586 ||| Stepping ~*~*~tactically~*~*~ (stealth).
  5588 | D:7      | 5588 ||| Stepping ~*~*~tactically~*~*~ (hiding).
  5638 | D:7      | Found a shadowy altar of Dithmenos.
  5733 | D:7      | Reached ** piety under Okawaru
  5785 | D:7      | 5785 ||| DROPPING +0 flail.
  6035 | D:8      | 6035 ||| PLANNING OSSUARY
  6037 | D:8      | Found Uttyz's Weapon Emporium.
  6093 | D:8      | 6093 ||| Stepping ~*~*~tactically~*~*~ (hiding).
  6094 | D:8      | 6094 ||| Stepping ~*~*~tactically~*~*~ (hiding).
  6095 | D:8      | 6095 ||| Stepping ~*~*~tactically~*~*~ (hiding).
  6097 | D:8      | 6097 ||| Stepping ~*~*~tactically~*~*~ (hiding).
  6147 | D:8      | 6147 ||| Stepping ~*~*~tactically~*~*~ (stealth).
  6148 | D:8      | 6148 ||| Stepping ~*~*~tactically~*~*~ (stealth).
  6150 | D:8      | 6150 ||| Stepping ~*~*~tactically~*~*~ (hiding).
  6151 | D:8      | 6151 ||| Stepping ~*~*~tactically~*~*~ (hiding).
  6152 | D:8      | 6152 ||| Stepping ~*~*~tactically~*~*~ (hiding).
  6236 | D:8      | 6236 ||| INVOKING Heroism.
  6241 | D:8      | 6241 ||| Stepping ~*~*~tactically~*~*~ (stealth).
  6247 | D:8      | Reached skill level 1 in Throwing
  6278 | D:8      | 6278 ||| Stepping ~*~*~tactically~*~*~ (stealth).
  6280 | D:8      | 6280 ||| Stepping ~*~*~tactically~*~*~ (stealth).
  6281 | D:8      | 6281 ||| Stepping ~*~*~tactically~*~*~ (stealth).
  6288 | D:8      | 6288 ||| INVOKING Heroism.
  6360 | D:8      | 6360 ||| UPGRADING to +4 war axe.
  6361 | D:8      | 6361 ||| DROPPING +3 war axe.
  6434 | D:8      | Found a runed translucent gate.
  6435 | D:8      | Found a runed translucent gate.
  6435 | D:8      | Found a runed translucent gate.
  6435 | D:8      | Noticed a red ugly thing
  6437 | D:8      | Noticed a red ugly thing
  6438 | D:8      | Noticed a green ugly thing
  6439 | D:8      | Noticed a red ugly thing
  6510 | D:8      | Found a basalt altar of Yredelemnul.
  6527 | D:8      | Found a sand-covered staircase.
  6536 | Ossuary  | Entered an ossuary
  6544 | Ossuary  | 6544 ||| Stepping ~*~*~tactically~*~*~ (stealth).
  6610 | Ossuary  | 6610 ||| Stepping ~*~*~tactically~*~*~ (stealth).
  6643 | Ossuary  | Reached skill level 10 in Axes
  6643 | Ossuary  | Reached XP level 10. HP: 63/63 MP: 13/13
  6643 | Ossuary  | 6643 ||| Stepping ~*~*~tactically~*~*~ (stealth).
  6759 | Ossuary  | 6759 ||| Stepping ~*~*~tactically~*~*~ (stealth).
  6836 | Ossuary  | Reached skill level 6 in Armour
  6849 | Ossuary  | Reached *** piety under Okawaru
  6928 | Ossuary  | 6928 ||| READING scroll of enchant weapon.
  6928 | Ossuary  | 6928 ||| ENCHANTING +4 war axe.
  6934 | Ossuary  | 6934 ||| READING scroll of enchant armour.
  6934 | Ossuary  | 6934 ||| ENCHANTING +0 plate armour.
  6972 | Ossuary  | 6972 ||| DRINKING 2 golden potions.
  6973 | Ossuary  | 6973 ||| DRINKING 2 orange potions.
  6974 | Ossuary  | 6974 ||| READING 3 scrolls of identify.
  6974 | Ossuary  | 6974 ||| IDENTIFYING silvery potion
  6975 | Ossuary  | 6975 ||| DROPPING potion of degeneration.
  6976 | Ossuary  | 6976 ||| DROPPING potion of invisibility.
  6987 | D:8      | 6987 ||| PLANNING D:1-11
  7005 | D:8      | 7005 ||| INVOKING Heroism.
  7108 | D:8      | 7108 ||| Stepping ~*~*~tactically~*~*~ (hiding).
  7231 | D:8      | Noticed Psyche
  7232 | D:8      | 7232 ||| INVOKING Heroism.
  7248 | D:8      | Killed Psyche
  7629 | D:8      | 7629 ||| Stepping randomly (stuck).
  7687 | D:9      | Found a sacrificial altar of Ru.
  7737 | D:9      | 7737 ||| INVOKING Heroism.
  8025 | D:9      | 8025 ||| INVOKING Heroism.
  8115 | D:9      | 8115 ||| INVOKING Heroism.
  8138 | D:9      | Found a broken altar of Ashenzari.
  8153 | D:9      | 8153 ||| FLEEEEING.
  8154 | D:9      | 8154 ||| FLEEEEING.
  8158 | D:9      | 8158 ||| FLEEEEING.
  8159 | D:9      | 8159 ||| FLEEEEING.
  8160 | D:9      | 8160 ||| FLEEEEING.
  8161 | D:9      | 8161 ||| FLEEEEING.
  8163 | D:9      | 8163 ||| FLEEEEING.
  8164 | D:9      | 8164 ||| FLEEEEING.
  8165 | D:9      | 8165 ||| STAIRDANCE
  8268 | D:9      | 8268 ||| Stepping ~*~*~tactically~*~*~ (stealth).
  8286 | D:9      | 8286 ||| INVOKING Heroism.
  8290 | D:9      | Reached skill level 11 in Axes
  8304 | D:9      | Reached skill level 9 in Fighting
  8430 | D:9      | Noticed Pikel
  8444 | D:9      | Killed Pikel
  8444 | D:9      | Reached **** piety under Okawaru
  8596 | D:9      | 8596 ||| INVOKING Heroism.
  8603 | D:9      | Reached XP level 11. HP: 71/71 MP: 11/14
  8627 | D:9      | Found a runed translucent door.
  9325 | D:9      | 9325 ||| Stepping randomly (stuck).
  9360 | D:10     | Entered Level 10 of the Dungeon
  9371 | D:10     | 9371 ||| STAIRDANCE
  9496 | D:10     | 9496 ||| FLEEEEING.
  9497 | D:10     | 9497 ||| FLEEEEING.
  9498 | D:10     | 9498 ||| FLEEEEING.
  9499 | D:10     | 9499 ||| FLEEEEING.
  9500 | D:10     | 9500 ||| FLEEEEING.
  9501 | D:10     | 9501 ||| FLEEEEING.
  9502 | D:10     | 9502 ||| FLEEEEING.
  9511 | D:10     | Found a one-way gate to the infinite horrors of the Abyss.
  9511 | D:10     | Noticed qw's ghost (novice GrFi)
  9512 | D:10     | Noticed a wizard
  9521 | D:10     | 9521 ||| Stepping ~*~*~tactically~*~*~ (stealth).
  9526 | D:10     | 9526 ||| Stepping ~*~*~tactically~*~*~ (stealth).
  9527 | D:10     | 9527 ||| Stepping ~*~*~tactically~*~*~ (stealth).
  9528 | D:10     | 9528 ||| Stepping ~*~*~tactically~*~*~ (stealth).
  9529 | D:10     | 9529 ||| Stepping ~*~*~tactically~*~*~ (stealth).
  9536 | D:10     | 9536 ||| Stepping ~*~*~tactically~*~*~ (stealth).
  9580 | D:10     | Found a transporter.
  9589 | D:10     | 9589 ||| Stepping ~*~*~tactically~*~*~ (hiding).
  9607 | D:10     | Found a hazy altar of Hepliaklqana.
  9612 | D:10     | Found a transporter.
  9618 | D:10     | 9618 ||| Stepping ~*~*~tactically~*~*~ (stealth).
  9716 | D:10     | 9716 ||| Stepping ~*~*~tactically~*~*~ (stealth).
  9718 | D:10     | 9718 ||| Stepping ~*~*~tactically~*~*~ (hiding).
  9736 | D:10     | 9736 ||| Stepping ~*~*~tactically~*~*~ (stealth).
  9738 | D:10     | 9738 ||| Stepping ~*~*~tactically~*~*~ (stealth).
  9739 | D:10     | 9739 ||| Stepping ~*~*~tactically~*~*~ (stealth).
  9741 | D:10     | 9741 ||| Stepping ~*~*~tactically~*~*~ (stealth).
  9743 | D:10     | 9743 ||| Stepping ~*~*~tactically~*~*~ (stealth).
  9753 | D:10     | Reached skill level 6 in Invocations
  9812 | D:10     | 9812 ||| INVOKING Heroism.
  9861 | D:10     | Reached ***** piety under Okawaru
  9891 | D:10     | 9891 ||| INVOKING Heroism.
 10346 | D:11     | 10346 ||| Stepping ~*~*~tactically~*~*~ (hiding).
 10453 | D:11     | Noticed a manticore
 10454 | D:11     | 10454 ||| INVOKING Heroism.
 10455 | D:11     | Noticed a manticore
 10456 | D:11     | Noticed a centaur warrior
 10457 | D:11     | Noticed a death knight
 10457 | D:11     | Noticed a deep elf pyromancer
 10457 | D:11     | Noticed a cyclops
 10458 | D:11     | Noticed a tengu warrior
 10464 | D:11     | Killed a manticore
 10465 | D:11     | Killed a manticore
 10466 | D:11     | Reached skill level 12 in Axes
 10466 | D:11     | Noticed a two-headed ogre
 10469 | D:11     | 10469 ||| INVOKING Heroism.
 10469 | D:11     | HP: 10/71 [death knight/+0 battleaxe (22)]
 10470 | D:11     | 10470 ||| READING 3 scrolls of teleportation.
 10470 | D:11     | Slain by a death knight

Levels and vault maps discovered:
D:1:      denvon_arrival_planthouse, layout_rooms
D:2:      layout_rooms, uniq_terence
D:3:      kennysheep_the_goblin_king, layout_loops_ring,
          mainiacjoe_overflow_alcove_2, minmay_between, uniq_crazy_yiuf_cottage,
          uniq_sigmund
D:4:      layout_loops_ring, temple_pool_b, serial_undead, serial_undead_c,
          serial_undead_f, serial_undead_f, serial_undead_d, serial_undead_c,
          serial_undead_d, serial_undead_d, kennysheep_big_empty_room
D:5:      layout_layer_cave, grunt_qazlal_sundering,
          nicolae_sif_muna_condensation
D:6:      layout_basic
D:7:      layout_cave_pools, kennysheep_little_box,
          nemelex_xobeh_ov_fountains_minmay
D:8:      layout_cave_pools, mainiacjoe_overflow_surrounded_room,
          nicolae_ossuary_entry_monument,
          ploomutoo_gammafunk_ghost_potion_laboratory, serial_shops, shop,
          uniq_psyche
D:9:      layout_loops_ring, old_standard_altar, mainiacjoe_overflow_24_doors,
          lightli_church_of_beogh, uniq_pikel
D:10:     layout_cave_pools, mainiacjoe_overflow_catwalk,
          gammafunk_ghost_abyssal_escape
D:11:     minmay_the_grid_octo_tiled_squarecenter_mashed
          [minmay_the_grid_octo_checkerflower,
          minmay_the_grid_octo_tetromino_candy, minmay_the_grid_octo_toaster,
          minmay_the_grid_octo_thin_diamonds,
          minmay_the_grid_square_5x5_megaprize_crossed,
          minmay_the_grid_square_5x5_two_small,
          minmay_the_grid_square_5x5_inner_v, minmay_the_grid_square_5x5_n,
          minmay_the_grid_square_5x5_bridge], layout_basic, minivault_15
Temple:   nicolae_temple_ecumenical_triangle

Skill      XL: |  1  2  3  4  5  6  7  8  9 10 11 |
---------------+----------------------------------+-----
Axes           | 2 3 4 5 6 7 8 10 11 12 | 12.0
Fighting       | 4 5 6 7 9 |  9.0
Dodging        | 1 |  1.1
Armour         | 4 5 7 |  7.0
Invocations    | 1 4 7 |  7.3
Shields        | 4 5 |  5.0
Throwing       | 1 |  1.3

Action                     |  1- 3 |  4- 6 |  7- 9 | 10-12 || total
---------------------------+-------+-------+-------+-------++-------
  Melee: War axe           |    77 |   139 |   345 |   287 ||   848
  Throw: Boomerang         |       |       |    39 |    10 ||    49
 Invoke: Heroism           |       |       |     3 |    11 ||    14
    Use: Scroll            |     6 |     5 |     8 |     4 ||    23
         Potion            |       |       |       |     2 ||     2
 Armour: Scale mail        |    33 |       |       |       ||    33
         Chain mail        |     5 |    54 |    49 |       ||   108
         Plate armour      |       |       |   175 |   162 ||   337
  Dodge: Dodged            |    37 |    44 |   121 |   157 ||   359
  Block: Buckler           |    11 |    23 |    47 |    61 ||   142

Table legend:
 A = Non-vault XP
 B = Vault XP
 C = Vault XP percentage of total XP
 D = Non-vault monster count
 E = Vault monster count
 F = Vault count percentage of total count
                 A         B        C        D         E       F
            +---------+---------+-------+---------+---------+-------
      Total |   10932 |    3374 |  23.6 |     212 |      66 |  23.7
            +---------+---------+-------+---------+---------+-------
        D:1 |      45 |       0 |   0.0 |      24 |       0 |   0.0
        D:2 |      79 |      36 |  31.3 |      26 |       1 |   3.7
        D:3 |      78 |     301 |  79.4 |      14 |      14 |  50.0
        D:4 |     437 |     290 |  39.9 |      17 |       7 |  29.2
        D:5 |     504 |       0 |   0.0 |      14 |       0 |   0.0
        D:6 |     952 |       0 |   0.0 |      29 |       0 |   0.0
        D:7 |     794 |       0 |   0.0 |      13 |       0 |   0.0
        D:8 |    1313 |     346 |  20.9 |      28 |       1 |   3.4
        D:9 |    2905 |     673 |  18.8 |      16 |       1 |   5.9
       D:10 |    3825 |       0 |   0.0 |      31 |       0 |   0.0
       D:11 |       0 |    1101 | 100.0 |       0 |       3 | 100.0
    Ossuary |       0 |     627 | 100.0 |       0 |      39 | 100.0
            +---------+---------+-------+---------+---------+-------
